 Dungeon Crawl Stone Soup version 0.22-a0-78-g0f8607c (webtiles) character file.

81 KristoblXynda the Sneak (level 4, 0/49 HPs)
             Began as a Draconian Enchanter on Jan 16, 2018.
             Succumbed to an adder's poison
             ... on level 2 of the Dungeon.
             The game lasted 00:03:39 (1380 turns).

KristoblXynda the Sneak (Draconian Enchanter)       Turns: 1380, Time: 00:03:40

Health: 0/49       AC: 22    Str: 11    XL:     4   Next: 20%
Magic:  1/7        EV:  2    Int: 16    God:
Gold:   64         SH:  0    Dex: 11    Spells: 1/7 levels left

rFire    . . .     SeeInvis .   a - +1 dagger
rCold    . . .     Gourm    .   (no shield)
rNeg     + + +     Faith    .   (armour unavailable)
rPois    +         Spirit   .   (helmet currently unavailable)
rElec    .         Reflect  .   (cloak currently unavailable)
rCorr    .         Harm     .   (gloves currently unavailable)
MR       .....     NoTele   +   (boots currently unavailable)
Stlth    ++........             (no amulet)
HPRegen  0.16/turn              (no ring)
MPRegen  0.10/turn              (no ring)

@: lethally poisoned (0 -> -3), tree-form, very slightly contaminated, hasted,
invisible, very quick
A: unfitting armour, AC +5
a: no special abilities


You were on level 2 of the Dungeon.
You were hungry.
You were a tree.
You visited 1 branch of the dungeon, and saw 2 of its levels.

You collected 64 gold pieces.

Inventory:

Hand Weapons
 a - a +1 dagger (weapon)
Armour
 i - a +0 cloak (melded)
Scrolls
 d - 3 scrolls of identify {unknown}
 e - a scroll of teleportation {unknown}
 f - a scroll of enchant weapon {unknown}
 h - a scroll of amnesia {unknown}
 n - a scroll of magic mapping {unknown}
Potions
 m - a potion of lignification
Books
 b - a book of Maledictions

   Spells                             Type                      Level
   a - Corona                         Hexes                        1
   b - Ensorcelled Hibernation        Hexes/Ice                    2
   c - Confuse                        Hexes                        3
   d - Tukima's Dance                 Hexes                        3
   e - Dazzling Spray                 Conjuration/Hexes            3
Comestibles
 c - 4 rations
 l - 2 chunks of flesh


   Skills:
 * Level 2.9 Short Blades
 - Level 1.7 Dodging
 + Level 3.3 Stealth
 - Level 2.0 Spellcasting
 + Level 3.2 Hexes


You had one spell level left.
You knew the following spells:

 Your Spells              Type           Power        Failure   Level  Hunger
a - Corona                Hex            ##.....      5%          1    #......
b - Ensorcelled Hibernat  Hex/Ice        #.....       16%         2    ###....
c - Confuse               Hex            ##......     16%         3    ###....


Dungeon Overview and Level Annotations

Branches:
Dungeon (2/15)

Altars:


Innate Abilities, Weirdness & Mutations

((Your plain brown scales are hard. (AC +5)))
You cannot fit into any form of body armour.
((You are cold-blooded and may be slowed by cold attacks.))


Message History

The adder bites you.
* * * LOW HITPOINT WARNING * * *
The adder barely misses you.
You hit the adder but do no damage.
The adder is almost dead.
The adder bites you.
* * * LOW HITPOINT WARNING * * *
You are more poisoned.
The adder poisons you!
You hit the adder but do no damage.
You kill the adder!
* * * LOW HITPOINT WARNING * * *
You feel sick. The bat hits you.
* * * LOW HITPOINT WARNING * * *
It was a potion of haste.
You feel yourself speed up. The bat misses you.
It was a potion of lignification.
You turn into a tree.
Your +0 cloak melds into your body.
Your roots penetrate the ground.
It was a potion of invisibility.
You fade into invisibility!
You die...

.###.........# #.#..........#
.............# #.####.#######
...(......#### ###....#
####....#.# #.#### ..#
...#.####.# #.# =..
##........# #.# ....
......###### #.#### ...#.
......)(..(#######....###.....
......####.#....♣b..#.?$...###
......##...#.######.#........#
†.....##.###...####........#
......##.###.........#.....#
.....................#.....#
........###..........#.....#
........# #.#........#.......
........# #.....)....#######(#
......#######........#### #


You could see a bat.

Vanquished Creatures
  3 adders (D:2)
  An ooze (D:1)
  A worm (D:2)
  3 leopard geckos
  5 giant cockroaches
  5 hobgoblins
  6 kobolds
  2 ball pythons (D:1)
  7 bats
  2 frilled lizards (D:1)
  4 goblins
  3 rats (D:1)
42 creatures vanquished.

Notes
Turn   | Place    | Note
-------+----------+-------------------------------------------
     0 | D:1      | KristoblXynda the Draconian Enchanter began the quest for the Orb.
     0 | D:1      | Reached XP level 1. HP: 14/14 MP: 3/3
   313 | D:1      | Reached XP level 2. HP: 19/20 MP: 5/5
   816 | D:1      | Reached XP level 3. HP: 26/26 MP: 6/6
   968 | D:1      | Learned a level 2 spell: Ensorcelled Hibernation
   972 | D:1      | Learned a level 3 spell: Confuse
  1228 | D:2      | Reached XP level 4. HP: 22/33 MP: 2/7
  1377 | D:2      | HP: 1/33 [bat (1)]
  1380 | D:2      | Succumbed to an adder's poison

Vault maps used:
D:1:      sevenhm_arrival_forest_fort_large_2, hangedman_decor_points,
          minmay_hexomino_u4
D:2:      grunt_gozag_statues

Skill      XL: |  1  2 |
---------------+-------+-----
Short Blades   | 2 |  2.9
Stealth        | 3 |  3.3
Hexes          | 3 |  3.2
Dodging        | |  1.7
Spellcasting   | |  2.0

Action                   |  1- 3 |  4- 6 || total
-------------------------+-------+-------++-------
Melee: Dagger            |   152 |    38 ||   190
       Tailslap          |    11 |     4 ||    15
 Cast: Ensorcelled Hiber |     6 |     3 ||     9
  Use: Potion            |       |     4 ||     4
 Stab: Sleeping          |     9 |     1 ||    10
  Eat: Chunk             |     1 |     1 ||     2
Armor: Skin              |    51 |    12 ||    63
Dodge: Dodged            |    99 |    32 ||   131

Table legend:
 A = Spawn XP
 B = Non-spawn XP
 C = Spawn XP percentage of total XP
 D = Spawn monster count
 E = Non-spawn monster count
 F = Spawn count percentage of total count
 G = Total turns spent on level
                    A         B        C        D         E        F      G
               +---------+---------+-------+---------+---------+-------+---------
         Total |       0 |     117 |   0.0 |       0 |      42 |   0.0 |  1380
               +---------+---------+-------+---------+---------+-------+---------
           D:1 |       0 |      51 |   0.0 |       0 |      26 |   0.0 |  1025
           D:2 |       0 |      66 |   0.0 |       0 |      16 |   0.0 |   355
               +---------+---------+-------+---------+---------+-------+---------
